AoeStats
← |GaoeG| flamingo

Enclosed

503983917Analyzed
1v1 RM · 28d ago on Sep 3, 2026· 39m 34s· 2 players
Game mode
Random Map
Map size
Tiny (2 player)
Population
200
Speed
Normal
Resources
Standard
Victory
Conquest
Starting age
Dark Age
Ending age
Imperial Age
RankedLock teamsTeams togetherTeam positionsShared explorationLock speedFull tech treeHidden civsTurbo modeCheats
Victory
Defeat
🇦🇺 Khmer · Australia
1499
+12
🇪🇸 Mongols · Spain
1399
-12
|GaoeG| flamingo
6:43 Loom
8:54 Feudal Age
9:43 Double-Bit Axe
9:54 Horse Collar
14:08 Forging
16:27 Wheelbarrow
20:37 Castle Age
20:37 Bloodlines
20:34 Scale Barding Armor
20:23 Gold Mining
21:51 Husbandry
22:43 Bow Saw
23:18 Heavy Plow
28:14 Town Watch
28:49 Stone Mining
29:52 Light Cavalry
35:35 Hand Cart
37:58 Imperial Age
37:12 Chain Barding Armor
37:28 Iron Casting
37:58 Padded Archer Armor
39:03 Conscription
38:07 Heavy Camel Rider
Noob ai
6:15 Loom
8:33 Feudal Age
9:06 Double-Bit Axe
10:14 Horse Collar
13:03 Forging
15:46 Wheelbarrow
19:19 Castle Age
18:40 Bloodlines
18:59 Gold Mining
19:20 Light Cavalry
20:09 Husbandry
20:27 Scale Barding Armor
24:24 Bow Saw
24:57 Heavy Plow
28:48 Gold Shaft Mining
28:32 Hand Cart
29:33 Town Watch
30:20 Chain Barding Armor
31:18 Sanctity
34:46 Imperial Age
33:02 Stone Mining
34:55 Iron Casting
36:33 Plate Barding Armor
36:02 Cavalier
38:38 Blast Furnace
39:28 Capped Ram
Connection lost

Rejoining the realm…

Still unreachable

The connection could not be restored.

Session expired

The server has moved on; the page needs a fresh start.